 Dungeon Crawl Stone Soup version 0.31.0-11-ge490571c62 (webtiles) character file.

Game seed: 12230775314880312925

450 qw the Ducker (level 6, -2/30 HPs)
             Began as a Spriggan Hunter on Feb 3, 2024.
             Was an Initiate of Okawaru.
             Slain by Blork the orc
             ... wielding a +1 short sword of electrocution
              (15 damage)
             ... on level 5 of the Dungeon.
             The game lasted 00:00:12 (3241 turns).

qw the Ducker (Spriggan Hunter)                     Turns: 3241, Time: 00:00:13

Health: -2/30      AC:  2    Str: 13    XL:     6   Next: 74%
Magic:  7/7        EV: 25    Int: 10    God:    Okawaru [......]
Gold:   220        SH:  0    Dex: 27    Spells: 5/5 levels left

rFire   . . .        a - +0 shortbow
rCold   . . .        (shield currently unavailable)
rNeg    . . .        c - +0 robe
rPois   .            (helmet restricted)
rElec   .            (no cloak)
rCorr   .            (gloves unavailable)
SInv    +            (boots unavailable)
Will    +....        (no amulet)
Stlth   +            e - +6 ring of dexterity
HPRegen 0.25/turn    f - +6 ring of strength
MPRegen 0.10/turn

%: no passive effects
@: glowing, very quick
A: very small, no large weapons, unfitting armour, see invisible, speed 3,
mutation resistance 1
a: Renounce Religion


You were on level 5 of the Dungeon.
You worshipped Okawaru.
Okawaru was noncommittal.
You visited 1 branch of the dungeon, and saw 5 of its levels.

You collected 220 gold pieces.


Innate Abilities, Weirdness & Mutations

You are very small and have problems with some larger weapons.
You are too small for most types of armour.
You have supernaturally acute eyesight. (SInv)
You cover ground extremely quickly. (Speed+++)
You are somewhat resistant to further mutation.


   Skills:
 - Level 2.0 Fighting
 - Level 6.0 Ranged Weapons
 + Level 7.4 Dodging
 - Level 1.5 Stealth


You had 5 spell levels left.
You didn't know any spells.
Your spell library was empty.

Inventory:

Hand Weapons
 a - a +0 shortbow (weapon)
Armour
 c - a +0 robe (worn)
Jewellery
 e - a +6 ring of dexterity (left hand)
 f - a +6 ring of strength (right hand)
Wands
 b - a wand of roots (5)
Scrolls
 l - 3 scrolls of teleportation
Potions
 d - a potion of curing
 g - a potion of might
 i - 4 potions of mutation
 j - a potion of haste {unknown}
 m - a potion of heal wounds {unknown}

Dungeon Overview and Level Annotations

Branches:
Dungeon (5/15)
 Temple: D:4-7

Altars:
Cheibriados
Makhleb
Okawaru
Qazlal
Sif Muna
Uskayaw
Wu Jian
Xom

Annotations:
D:2 1 runed translucent door, Crazy Yiuf
D:5 Blork the orc


Message History

You shoot an arrow. The angel shouts!
The arrow hits Blork the orc but does no damage.
You shoot an arrow.
The arrow hits Blork the orc but does no damage.
Blork the orc looks encouraged for a moment.
You shoot an arrow.
The arrow hits Blork the orc but does no damage.
You shoot an arrow. The arrow hits Blork the orc.
Blork the orc is lightly wounded.
You shoot an arrow. The arrow hits Blork the orc!
Blork the orc is moderately wounded.
You shoot an arrow. The arrow hits Blork the orc!
Blork the orc is heavily wounded.
Blork the orc barely misses you.
You shoot an arrow. The arrow hits Blork the orc!
Blork the orc is almost dead.
Blork the orc gestures at you while chanting.
The puff of flame hits you!
You shoot an arrow.
The arrow hits Blork the orc but does no damage.
Blork the orc is almost dead.
Blork the orc casts a cantrip, but nothing happens.
The angel barely misses itself.
The angel hits itself but does no damage.
You shoot an arrow.
The arrow hits Blork the orc but does no damage.
Blork the orc is almost dead.
The angel hits itself with a +1 sacred scourge of holy wrath. x2
Blork the orc completely misses you.
Blork the orc looks braver for a moment.
You shoot an arrow. The arrow barely misses Blork the orc.
The angel rambles incoherently.
Blork the orc hits you with a +1 short sword of electrocution!
You shoot an arrow. The arrow hits Blork the orc.
Blork the orc is almost dead.
Blork the orc hits you with a +1 short sword of electrocution.
You are electrocuted!
Ouch! That really hurt!
You die...

#... .#####..# #...
.#...#..###...##
.#...#.).##....#
.#..A#...##....#
.#####.........#
..._....# #.##<####
......o.###....[..######
#@#.........#.....
#.#.#.##.#..#.####
##........#..#.####
#.#..#..###.......#
##.###..####.#.##.# #.#
#.......#.#..#
#.####.######.....
#.##.....# ###.##
#.##.....# #.#


You could see an angel (mad) and Blork the orc.

Vanquished Creatures
  Sigmund (D:2)
  A hound (D:5)
  An orc priest (D:3)
  An iguana (D:4)
  An orc wizard (D:3)
  4 gnolls (D:5)
  8 adders
  A dart slug (D:4)
  A ribbon worm (D:2)
  2 orcs (D:3)
  6 endoplasms
  2 giant cockroaches
  3 goblins
  6 hobgoblins
  4 jackals (D:4)
  A quokka (D:2)
  6 ball pythons
  5 bats
  13 frilled lizards
  4 kobolds
  4 rats
75 creatures vanquished.

Notes
Turn   | Place    | Note
-------+----------+-------------------------------------------
     0 | D:1      | qw the Spriggan Hunter began the quest for the Orb.
     0 | D:1      | Reached XP level 1. HP: 10/10 MP: 2/2
     0 | D:1      | 0 ||| qw: Version: 0.3-a-157-g843a77d
     0 | D:1      | 0 ||| qw: Game counter: 3770
     0 | D:1      | 0 ||| qw: Melee chars always use a shield: true
     0 | D:1      | 0 ||| qw: God list: Okawaru
     0 | D:1      | 0 ||| qw: Allow faded altars: false
     0 | D:1      | 0 ||| qw: Do Orc after clearing Dungeon:15 true
     0 | D:1      | 0 ||| qw: Do second Lair branch before Depths: true
     0 | D:1      | 0 ||| qw: Lair rune preference: random
     0 | D:1      | 0 ||| qw: Goals: Normal
     0 | D:1      | 0 ||| PLANNING D:1-11
    83 | D:1      | Reached skill level 3 in Dodging
   343 | D:1      | Reached XP level 2. HP: 14/14 MP: 3/3
   443 | D:1      | 443 ||| READING scroll labelled HEIHUR MOATE.
   544 | D:1      | 544 ||| READING scroll labelled QIORAM MUCURR.
   549 | D:1      | 549 ||| DRINKING 2 emerald potions.
   550 | D:1      | 550 ||| DRINKING 2 glowing emerald potions.
   550 | D:1      | Gained mutation: You are somewhat resistant to further
                  | mutation. [potion of mutation]
   551 | D:1      | 551 ||| DROPPING scroll of butterflies.
   581 | D:2      | Noticed Sigmund
   590 | D:2      | 590 ||| RETREEEEATING.
   597 | D:2      | Killed Sigmund
   598 | D:2      | Reached skill level 7 in Dodging
   598 | D:2      | Reached XP level 3. HP: 11/18 MP: 4/4
   598 | D:2      | Reached XP level 4. HP: 14/22 MP: 5/5
   598 | D:2      | Reached XP level 5. HP: 16/25 MP: 6/6
   626 | D:2      | 626 ||| FLEEEEING.
   627 | D:2      | 627 ||| FLEEEEING.
   844 | D:2      | Found a runed translucent door.
   845 | D:2      | Noticed Crazy Yiuf
  1544 | D:2      | 1544 ||| UPGRADING to +6 ring of dexterity.
  1545 | D:2      | 1545 ||| READING scroll labelled TUCIQA ZICIZEN.
  1545 | D:2      | 1545 ||| ENCHANTING +0 shortbow.
  1641 | D:3      | Found a shimmering blue altar of Sif Muna.
  1641 | D:3      | Found an ornate altar of the Wu Jian Council.
  1643 | D:3      | Found a stormy altar of Qazlal.
  1644 | D:3      | Found an iron altar of Okawaru.
  1644 | D:3      | Found a snail-covered altar of Cheibriados.
  1645 | D:3      | 1645 ||| PLANNING OKAWARU WORSHIP
  1645 | D:3      | 1645 ||| READING scroll labelled GUBYUROIST.
  1691 | D:3      | Found a burning altar of Makhleb.
  1692 | D:3      | Found a hide-covered altar of Uskayaw.
  1694 | D:3      | Became a worshipper of Warmaster Okawaru
  1695 | D:3      | 1695 ||| PLANNING D:1-11
  1735 | D:3      | Reached XP level 6. HP: 16/30 MP: 7/7
  2430 | D:3      | 2430 ||| READING 2 scrolls labelled ALEXZU TOSTOFEO.
  2430 | D:3      | 2430 ||| IDENTIFYING pink potion
  2431 | D:3      | 2431 ||| READING scroll of identify.
  2431 | D:3      | 2431 ||| IDENTIFYING green potion
  2432 | D:3      | 2432 ||| READING scroll labelled BEUDDU NESAS.
  2433 | D:3      | 2433 ||| READING scroll labelled DUDU QEERAN.
  2434 | D:3      | 2434 ||| DRINKING 2 fuming golden potions.
  2435 | D:3      | 2435 ||| DROPPING potion of degeneration.
  2436 | D:3      | 2436 ||| DROPPING potion of brilliance.
  3072 | D:4      | 3072 ||| UPGRADING to +6 ring of strength.
  3073 | D:4      | 3073 ||| READING scroll of identify.
  3073 | D:4      | 3073 ||| IDENTIFYING clear potion
  3074 | D:4      | 3074 ||| DROPPING potion of attraction.
  3097 | D:5      | Entered Level 5 of the Dungeon
  3179 | D:5      | 3179 ||| RETREEEEATING.
  3182 | D:5      | 3182 ||| RETREEEEATING.
  3196 | D:5      | Reached skill level 6 in Ranged Weapons
  3229 | D:5      | Noticed an angel
  3230 | D:5      | Found a shimmering altar of Xom.
  3230 | D:5      | Noticed Blork the orc
  3241 | D:5      | Slain by Blork the orc

Levels and vault maps discovered:
D:1:      dpeg_arrival_water_temple_mockup, layout_rooms, minmay_tiny_reverse_x
D:2:      layout_basic, serial_bayou, serial_bayou_pond_a, serial_bayou_pond_b,
          serial_bayou_pond_c, serial_bayou_shore_b, serial_bayou_crossing,
          serial_bayou_shore_b, minmay_lizard_king, uniq_sigmund,
          uniq_crazy_yiuf_cottage
D:3:      wad_lake_hut, layout_basic, grunt_temple_overflow_open,
          kennysheep_orc_chapel
D:4:      layout_basic
D:5:      layout_loops_cross, grunt_temple_overflow_order_and_chaos_1,
          temple_doors_e, columned_hall_lemuel, minmay_misc_feat_four_crosses,
          uniq_blork_the_orc

Skill      XL: |  1  2  3  4  5  6 |
---------------+-------------------+-----
Dodging        | 3 7 |  7.4
Ranged Weapons | 5 6 |  6.0
Fighting       | 2 |  2.0
Stealth        | |  1.5

Action                     |  1- 3 |  4- 6 || total
---------------------------+-------+-------++-------
   Fire: Shortbow          |    32 |   198 ||   230
    Use: Scroll            |     2 |     7 ||     9
         Potion            |     2 |     1 ||     3
 Armour: Robe              |     1 |    21 ||    22
  Dodge: Dodged            |    10 |   102 ||   112

Table legend:
 A = Non-vault XP
 B = Vault XP
 C = Vault XP percentage of total XP
 D = Non-vault monster count
 E = Vault monster count
 F = Vault count percentage of total count
                 A         B        C        D         E       F
            +---------+---------+-------+---------+---------+-------
      Total |     316 |     328 |  50.9 |      57 |      18 |  24.0
            +---------+---------+-------+---------+---------+-------
        D:1 |      11 |       2 |  15.4 |       8 |       2 |  20.0
        D:2 |      46 |     247 |  84.3 |      14 |      13 |  48.1
        D:3 |      51 |      79 |  60.8 |      16 |       3 |  15.8
        D:4 |      95 |       0 |   0.0 |      13 |       0 |   0.0
        D:5 |     113 |       0 |   0.0 |       6 |       0 |   0.0
            +---------+---------+-------+---------+---------+-------
